General information
- name: BNet
- type: Ladder team game (AT/RT)
- host: Battle.net
- saver: boli
map: TwistedMeadows
- players: 4
- length: 15:07
- speed: Fast
- version: 1.24 W3XP
- replay type: Public
» download(90 KB)
Players
team 1 (loser)
LoneM[a]n (
purple | 70 APM | 1061 actions | 15:06)
4 Death Knight
2 Death Coil
2 Unholy Aura
2 Lich
1 Frost Nova
1 Frost Armor
» actions
| Assign group hotkey | 22 | |
| Basic commands | 4 | |
| Build / train | 41 | |
| Enter build submenu | 10 | |
| Enter hero's abilities submenu | 6 | |
| Give item / drop item | 4 | |
| Right click | 580 | |
| Select / deselect | 259 | |
| Select group hotkey | 70 | |
| Use ability | 65 | |
1061 total
» units
| Acolyte | 3 | |
| Ghoul | 2 | |
| Crypt Fiend | 10 | |
15 total
» upgrades
| Creature Attack | 1 | |
| Creature Carapace | 1 | |
| Burrow | 1 | |
3 total
» buildings
| Crypt | 2 | |
| Graveyard | 1 | |
| Altar of Darkness | 1 | |
| Ziggurat | 5 | |
| Tomb of Relics | 1 | |
| Halls of the Dead | 1 | |
11 total
» build order
00:08 Crypt
00:10 Graveyard
00:32 Altar of Darkness
00:47 Ziggurat
01:01 Tomb of Relics
01:57 Ziggurat
02:48 Crypt
03:53 Ziggurat
06:01 Ziggurat
07:00 Halls of the Dead
08:54 Ziggurat
» items
| Rod of Necromancy | 3 | |
| Dust of Appearance | 1 | |
| Potion of Healing | 5 | |
| Scroll of Town Portal | 2 | |
| Potion of Mana | 1 | |
| Potion of Lesser Invulnerability | 1 | |
13 total
zzz. (
orange | 80 APM | 1207 actions | 15:01)
3 Demon Hunter
2 Mana Burn
1 Evasion
3 Naga Sea Witch
1 Frost Arrows
2 Forked Lightning
» actions
| Assign group hotkey | 8 | |
| Basic commands | 61 | |
| Build / train | 51 | |
| Enter build submenu | 14 | |
| Enter hero's abilities submenu | 6 | |
| Give item / drop item | 2 | |
| Remove unit from queue | 2 | |
| Right click | 627 | |
| Select / deselect | 320 | |
| Select group hotkey | 52 | |
| Use ability | 64 | |
1207 total
» units
| Wisp | 13 | |
| Huntress | 3 | |
| Dryad | 4 | |
| Druid of the Claw | 3 | |
23 total
» upgrades
| Druid of the Claw Training | 2 | |
2 total
» buildings
| Altar of Elders | 1 | |
| Moon Well | 5 | |
| Hunter's Hall | 1 | |
| Ancient of War | 1 | |
| Tree of Ages | 3 | |
| Ancient Protector | 1 | |
| Ancient of Lore | 2 | |
| Ancient of Wonders | 1 | |
| Tree of Eternity | 2 | |
17 total
» build order
00:06 Altar of Elders
00:17 Moon Well
01:27 Hunter's Hall
01:36 Ancient of War
02:04 Moon Well
02:48 Tree of Ages
02:48 Tree of Ages
02:49 Tree of Ages
03:34 Moon Well
03:49 Ancient Protector
06:02 Ancient of Lore
06:04 Ancient of Lore
06:42 Moon Well
06:49 Ancient of Wonders
07:49 Tree of Eternity
13:37 Moon Well
» items
| Boots of Speed | 1 | |
| Staff of Teleportation | 1 | |
| Potion of Healing | 2 | |
| Staff of Preservation | 1 | |
| Scroll of Town Portal | 3 | |
| Orb of Venom | 2 | |
10 total
team 2 (winner)

»
boli (
blue | 114 APM | 1720 actions | 15:07)
4 Death Knight
2 Death Coil
2 Unholy Aura
3 Lich
2 Frost Nova
1 Dark Ritual
1 Crypt Lord
1 Impale
» actions
| Assign group hotkey | 20 | |
| Basic commands | 119 | |
| Build / train | 49 | |
| Enter build submenu | 16 | |
| Enter hero's abilities submenu | 8 | |
| Give item / drop item | 5 | |
| Right click | 743 | |
| Select / deselect | 261 | |
| Select group hotkey | 402 | |
| Use ability | 97 | |
1720 total
» units
| Acolyte | 2 | |
| Ghoul | 1 | |
| Crypt Fiend | 10 | |
| Obsidian Statue | 4 | |
| Abomination | 1 | |
18 total
» upgrades
| Creature Attack | 2 | |
| Creature Carapace | 1 | |
| Burrow | 1 | |
| Web | 1 | |
| Destroyer Form | 1 | |
6 total
» buildings
| Graveyard | 1 | |
| Crypt | 1 | |
| Altar of Darkness | 1 | |
| Ziggurat | 6 | |
| Tomb of Relics | 1 | |
| Nerubian Tower | 1 | |
| Halls of the Dead | 2 | |
| Black Citadel | 1 | |
| Slaughterhouse | 2 | |
| Sacrificial Pit | 1 | |
17 total
» build order
00:06 Graveyard
00:07 Crypt
00:35 Altar of Darkness
00:45 Ziggurat
01:24 Tomb of Relics
01:47 Ziggurat
02:44 Nerubian Tower
04:04 Ziggurat
04:35 Halls of the Dead
04:36 Halls of the Dead
05:18 Ziggurat
07:05 Black Citadel
07:06 Slaughterhouse
08:36 Ziggurat
11:54 Slaughterhouse
11:55 Ziggurat
12:56 Sacrificial Pit
» items
| Rod of Necromancy | 2 | |
| Dust of Appearance | 1 | |
| Orb of Corruption | 1 | |
| Scroll of Healing | 2 | |
6 total

»
Vil (
green | 115 APM | 1734 actions | 15:07)
4 Priestess of the Moon
2 Trueshot Aura
2 Searing Arrows
» actions
| Assign group hotkey | 57 | |
| Basic commands | 56 | |
| Build / train | 88 | |
| ESC pressed | 3 | |
| Enter build submenu | 13 | |
| Enter hero's abilities submenu | 4 | |
| Give item / drop item | 2 | |
| Right click | 759 | |
| Select / deselect | 305 | |
| Select group hotkey | 404 | |
| Use ability | 43 | |
1734 total
» units
| Wisp | 25 | |
| Huntress | 44 | |
| Goblin Shredder | 2 | |
71 total
» upgrades
| Strength of the Moon | 1 | |
| Moon Armor | 1 | |
2 total
» buildings
| Altar of Elders | 1 | |
| Moon Well | 4 | |
| Hunter's Hall | 1 | |
| Ancient of War | 2 | |
| Tree of Life | 2 | |
10 total
» build order
00:05 Altar of Elders
00:15 Moon Well
01:41 Hunter's Hall
01:43 Ancient of War
02:08 Ancient of War
02:24 Moon Well
02:45 Moon Well
04:46 Moon Well
06:33 Tree of Life
08:29 Tree of Life
» items
| Scroll of Healing | 3 | |
| Scroll of Protection | 1 | |
| Potion of Lesser Invulnerability | 1 | |
| Scroll of Town Portal | 3 | |
8 total
Chat log
(07:41 / Allies) boli: wood